Map: Invader LE

Players

Cham - Winner!

  • Race: Zerg Zerg

Bly

  • Race: Zerg Zerg

Event: DreamHack Open Tours WCS Spring Championship

VOD

Have the link to the VOD?

Description

Time

  • Played on: May 14, 2016, 10 a.m.
  • Length: 4:33

All games in this series

Show
View Real Time Build Order
Export as new Build Order

Cham Zerg - Winner!

Build Orders: Pool First 

Get SALT Encoding   

  12  0:00  Drone  
  13  0:15  Extractor  
  12  0:25  Spawning Pool  
  12  0:28  Drone  
  12  0:33  Drone  
  13  0:38  Drone  
  14  0:45  Extractor  
  14  0:46  Drone  
  15  0:56  Overlord  
  15  1:15  Metabolic Boost  
  15  1:18  Queen  
  17  1:26  Zergling x4  
  17  1:31  Zergling x2  
  20  1:38  Zergling x2  
  21  1:45  Baneling Nest  
  20  1:47  Zergling x2  
  21  1:58  Overlord  
  21  2:11  Zergling x2  
  22  2:20  Zergling x2  
  23  2:27  Zergling x6  
  23  2:29  Baneling x3  
  26  2:38  Zergling x2  
  27  2:46  Zergling x2  
  28  2:52  Baneling x2  
  28  2:57  Zergling x2  
  28  3:02  Zergling x2  
  28  3:04  Zergling x2  
  25  3:13  Zergling x2  
  25  3:17  Zergling x2  
  25  3:24  Zergling x2  
  21  3:33  Zergling x2  
  22  3:38  Baneling  
  22  3:45  Zergling x2  
  22  3:52  Zergling x2  
  23  3:56  Zergling x2  
  23  4:00  Zergling x2  
  25  4:03  Hatchery  
  25  4:04  Zergling x2  
  23  4:10  Zergling x2  
Show
View Real Time Build Order
Export as new Build Order

Bly Zerg 

Build Orders: Hatch First 

Get SALT Encoding   

  12  0:00  Drone  
  13  0:12  Overlord  
  13  0:17  Drone  
  14  0:31  Drone x2  
  16  0:36  Drone  
  17  0:51  Hatchery  
  16  0:57  Drone  
  16  0:58  Drone  
  16  1:01  Extractor  
  17  1:14  Spawning Pool  
  17  1:17  Drone  
  17  1:21  Drone  
  18  1:30  Drone  
  19  1:41  Overlord  
  19  2:00  Queen  
  21  2:01  Zergling x4  
  21  2:03  Metabolic Boost  
  21  2:04  Queen  
  25  2:08  Zergling x2  
  25  2:11  Drone  
  27  2:16  Drone  
  28  2:24  Drone  
  29  2:30  Drone  
  29  2:35  Drone  
  31  2:40  Zergling x2  
  32  2:45  Queen  
  32  2:47  Zergling x4  
  30  2:51  Baneling Nest  
  30  2:55  Zergling x2  
  11  3:26  Drone x3  
  11  3:27  Drone  
  11  3:49  Zergling x2  
  12  3:57  Zergling x2  
  7  4:11  Zergling x2  

Tags
 
Add a new tag
Caveats
  • Supply blocks, unpowered buildings, or Contaminate may cause inaccurate times.
  • Supply counts are checked every 10 seconds.